 Dungeon Crawl Stone Soup version 0.28.0-45-g0d030f2227 (webtiles) character file.

Game seed: 6687895284181468902

154 Iusername the Covered (level 5, 0/46 HPs)
             Began as a Minotaur Fighter on Apr 5, 2022.
             Killed from afar by an electric eel (1 damage)
             ... with a bolt of electricity
             ... on level 3 of the Dungeon.
             The game lasted 00:04:08 (2694 turns).

Iusername the Covered (Minotaur Fighter)            Turns: 2694, Time: 00:04:08

Health: 0/46       AC: 12    Str: 22    XL:     5   Next: 13%
Magic:  0/4        EV:  6    Int:  5    God:
Gold:   35         SH:  4    Dex: 10    Spells: 4/4 levels left

rFire   . . .      SeeInvis .   j - +3 dagger of Wariness {venom, rC+}
rCold   + . .      Faith    .   c - +0 buckler
rNeg    . . .      Spirit   +   i - +0 plate armour
rPois   .          Reflect  .   (helmet restricted)
rElec   +          Harm     +   (no cloak)
rCorr   .          Rampage  +   (no gloves)
Will    .....                   (no boots)
Stlth   ..........              o - amulet of Wemuur {Spirit Harm Rampage rElec Slay-2}
HPRegen 0.15/turn               (no ring)
MPRegen 0.09/turn               (no ring)

@: mighty, very slow
A: horns 2, retaliatory headbutt
a: no special abilities


You were on level 3 of the Dungeon.
You visited 1 branch of the dungeon, and saw 3 of its levels.

You collected 35 gold pieces.

Inventory:

Hand Weapons
 a - a +0 long sword
 j - the +3 dagger of Wariness (weapon) {venom, rC+}
   (You found it on level 2 of the Dungeon)

   It poisons the flesh of those it strikes.
   rC:        It protects you from cold.
Armour
 b - a +0 scale mail
 c - a +0 buckler (worn)
 i - a +0 plate armour (worn)
Jewellery
 o - the amulet of Wemuur (around neck) {Spirit Harm Rampage rElec Slay-2}
   (You took it off a goblin on level 2 of the Dungeon)

   [amulet of guardian spirit]

   It causes incoming damage to be divided between your reserves of health and
   magic.
   Slay:      It affects your accuracy & damage with ranged weapons and melee
   (-2).
   rElec:     It insulates you from electricity.
   Harm:      It increases damage dealt and taken.
   Rampage:   It bestows one free step when moving towards enemies.
 q - an amulet of the acrobat
Wands
 u - a wand of flame (9)
Scrolls
 f - a scroll of brand weapon {unknown}
 h - a scroll of blinking {unknown}
 m - a scroll of magic mapping {unknown}
 p - a scroll of fog {unknown}
 s - a scroll of summoning {unknown}
Potions
 e - a potion of haste {unknown}
 g - a potion of mutation {unknown}
 k - 2 potions of lignification {unknown}
 l - a potion of degeneration {unknown}
 n - a potion of cancellation {unknown}
 r - a potion of curing {unknown}
 t - a potion of heal wounds {unknown}


   Skills:
 + Level 4.1 Fighting
 + Level 1.2(2.2) Short Blades
 + Level 3.0(3.2) Long Blades
 + Level 5.4 Armour
 + Level 1.3 Dodging
 + Level 4.4 Shields


You had 4 spell levels left.
You didn't know any spells.
Your spell library was empty.

Dungeon Overview and Level Annotations

Branches:
Dungeon (3/15)

Altars:

Annotations:
D:3 1 transporter


Innate Abilities, Weirdness & Mutations

You have a pair of horns on your head.
You reflexively headbutt those who attack you in melee.


Message History

The bolt of electricity hits you. You resist.
You enter the shallow water.
Moving in this stuff is going to be slow.
The electric eel shoots out a bolt of lightning at you!
The bolt of electricity hits you. You resist. The bolt of electricity hits you.
You resist.
* * * LOW HITPOINT WARNING * * *
The bolt of electricity hits the electric eel.
The electric eel completely resists.
The bolt of electricity hits the electric eel.
The electric eel completely resists.
The electric eel shoots out a bolt of lightning at you!
The bolt of electricity hits the electric eel.
The electric eel completely resists.
The bolt of electricity hits you. You resist.
* * * LOW HITPOINT WARNING * * *
The bolt of electricity hits you. You resist.
* * * LOW HITPOINT WARNING * * *
The bolt of electricity hits the electric eel.
The electric eel completely resists.
The bolt of electricity hits the electric eel.
The electric eel completely resists.
Your unstable footing causes you to fumble your attack.
The electric eel shoots out a bolt of lightning at you!
The bolt of electricity hits the electric eel.
The electric eel completely resists.
The bolt of electricity hits you. You resist.
* * * LOW HITPOINT WARNING * * *
The bolt of electricity hits you. You resist.
* * * LOW HITPOINT WARNING * * *
The bolt of electricity hits the electric eel.
The electric eel completely resists.
The bolt of electricity hits the electric eel.
The electric eel completely resists.
You puncture the electric eel!
The electric eel looks as sick as possible!
The electric eel is heavily wounded.
The electric eel shoots out a bolt of lightning at you!
The bolt of electricity hits you. You resist.
You die...

#.# #.#P.!.P#
##'####.###+###..#.
#.......#≈≈≈P≈#....
#.......#≈≈≈≈≈#....#
#.......#≈≈≈P≈#.....
#.......#≈≈♣≈≈#.....
##+####.#SP≈≈≈#...#.
#.#S...≈#h....
#.#@...≈#h..#
#.###'###h..#
#.#≈...P#h..##
#.#8.©.8#.....
#.#######..###
#....©......#
####..........
##.#.###... #.....
...


You could see 2 electric eels and 4 jackals.

Vanquished Creatures
  An electric eel (D:3)
  A jelly (D:2)
  An orc wizard (D:2)
  2 adders (D:2)
  A worm (D:2)
  3 orcs (D:2)
  2 endoplasms (D:2)
  5 giant cockroaches
  5 hobgoblins
  3 ball pythons
  4 bats
  A frilled lizard (D:2)
  3 goblins
  4 kobolds
  5 rats
41 creatures vanquished.

Vanquished Creatures (others)
  A plant (D:3)
1 creature vanquished.

Grand Total: 42 creatures vanquished

Notes
Turn   | Place    | Note
-------+----------+-------------------------------------------
     0 | D:1      | Iusername the Minotaur Fighter began the quest for the Orb.
     0 | D:1      | Reached XP level 1. HP: 19/19 MP: 0/0
   881 | D:1      | Reached XP level 2. HP: 27/27 MP: 1/1
   976 | D:1      | Reached skill level 4 in Armour
  1029 | D:1      | You fall into a shaft and drop 1 floor!
  1036 | D:2      | Identified the +3 dagger of Wariness {venom, rC+}
  1247 | D:2      | Reached XP level 3. HP: 33/33 MP: 2/2
  1396 | D:2      | Reached XP level 4. HP: 32/40 MP: 3/3
  1685 | D:2      | Identified the amulet of Wemuur {Spirit Harm Rampage rElec
                  | Slay-2}
  1789 | D:2      | Reached skill level 5 in Armour
  2240 | D:2      | Found a faded altar of an unknown god.
  2273 | D:2      | Reached skill level 1 in Short Blades
  2660 | D:3      | Found a transporter.
  2667 | D:3      | Found a transporter.
  2691 | D:3      | Reached skill level 1 in Dodging
  2691 | D:3      | Reached XP level 5. HP: 24/46 MP: 1/4
  2693 | D:3      | HP: 2/46 [electric eel/bolt of electricity (4)]
  2694 | D:3      | Killed from afar by an electric eel

Illustrated notes

Levels and vault maps discovered:
D:1:      mainiacjoe_arrival_reflecting_pool, layout_loops_ring
D:2:      layout_basic, basic_ecumenical_altar, kennysheep_generic_room_16
D:3:      gammafunk_steamed_eel, layout_basic, kennysheep_nub,
          chequers_hall_statues_wall_a, minmay_misc_feat_five,
          hangedman_decor_push, uniq_robin, uniq_natasha

Skill      XL: |  1  2  3  4 |
---------------+-------------+-----
Armour         | 4 5 |  5.4
Shields        | 4 |  4.4
Fighting       | 4 |  4.1
Long Blades    | 3 |  3.0
Short Blades   | 1 |  1.2
Dodging        | 1 |  1.3

Action                   |  1- 3 |  4- 6 || total
-------------------------+-------+-------++-------
Melee: Long sword        |    26 |       ||    26
       Headbutt          |    10 |     7 ||    17
       Dagger            |    34 |    39 ||    73
  Use: Potion            |       |     1 ||     1
Armor: Scale mail        |    11 |       ||    11
       Plate armour      |    21 |     9 ||    30
Dodge: Dodged            |    28 |    10 ||    38
Block: Buckler           |    12 |     5 ||    17
